 Dungeon Crawl Stone Soup version 0.27.1-4-g1640c2035a (webtiles) character file.

Game seed: 5019286550132189884

331 iamoutofideas the Magician (level 6, 0/32 HPs)
             Began as a Deep Elf Air Elementalist on Nov 3, 2021.
             Slain by Crazy Yiuf (15 damage)
             ... on level 3 of the Dungeon.
             The game lasted 00:05:53 (3654 turns).

iamoutofideas the Magician (DEAE)                   Turns: 3654, Time: 00:05:53

Health: 0/32       AC:  4    Str:  5    XL:     6   Next: 26%
Magic:  14/17      EV: 12    Int: 22    God:
Gold:   91         SH:  0    Dex: 15    Spells: 7/17 levels left

rFire    . . .     SeeInvis .   p - +0 short sword (protect)
rCold    . . .     Faith    .   (no shield)
rNeg     . . .     Spirit   .   t - +0 leather armour
rPois    .         Reflect  .   b - +0 helmet
rElec    .         Harm     .   (no cloak)
rCorr    .         Rampage  .   (no gloves)
Will     .....                  (no boots)
Stlth    ++........             (no amulet)
HPRegen  0.10/turn              (no ring)
MPRegen  0.15/turn              (no ring)

@: no status effects
A: no striking features
a: no special abilities


You were on level 3 of the Dungeon.
You visited 1 branch of the dungeon, and saw 3 of its levels.

You collected 133 gold pieces.
You spent 42 gold pieces at shops.

Inventory:

Hand Weapons
 o - a +1 short sword of venom
 p - a +0 short sword of protection (weapon)
Armour
 b - a +0 helmet (worn)
 t - a +0 leather armour (worn)
Wands
 n - a wand of polymorph (13)
 s - a wand of charming (4)
Scrolls
 c - a scroll of fear {unknown}
 e - a scroll of amnesia {unknown}
 f - a scroll of magic mapping {unknown}
 h - a scroll of silence {unknown}
 i - a scroll of noise {unknown}
 j - 2 scrolls of identify {unknown}
 l - a scroll of teleportation {unknown}
 r - a scroll of vulnerability {unknown}
Potions
 d - 2 potions of heal wounds {unknown}
 g - a potion of curing
 k - 2 potions of haste {unknown}
 m - 2 potions of lignification {unknown}
 q - 2 potions of flight {unknown}


   Skills:
 - Level 0.1 Fighting
 + Level 2.8 Dodging
 + Level 3.2 Stealth
 + Level 6.0 Spellcasting
 + Level 3.2 Conjurations
 + Level 4.5 Air Magic


You had 7 spell levels left.
You knew the following spells:

 Your Spells              Type           Power      Damage    Failure   Level
a - Shock                 Conj/Air       92%        1d8       3%          1
b - Static Discharge      Conj/Air       23%        N/A       4%          2
c - Swiftness             Air            26%        N/A       7%          3
d - Airstrike             Air            13%        N/A       24%         4

Your spell library contained the following spells:

 Spells                   Type           Power      Damage    Failure   Level


Dungeon Overview and Level Annotations

Branches:
Dungeon (3/15)

Altars:

Shops:
D:2 ?(!

Annotations:
D:3 Crazy Yiuf


Message History

You start putting on your armour.
You continue putting on your +0 leather armour. x5
You finish putting on your +0 leather armour.
Unknown command.
You drop a +0 robe.
Your +0 short sword of protection hums with potential!
p - a +0 short sword of protection (weapon)
You open the door.
There is an open door here.
Key pressed, stopping explore.
You see here a +0 leather armour.
You see here a +0 leather armour.
Crazy Yiuf shouts!
Key pressed, stopping explore.
Could not explore, unopened runed door.
You already know all available spells.
Unknown command.
You open the door.
Crazy Yiuf says, "Cod tortoise shoe!"
Casting: Shock (safe; 3% risk of failure)
Confirm with . or Enter, or press ? or * to list all spells.
Okay, then.
Casting: Shock (safe; 3% risk of failure)
Confirm with . or Enter, or press ? or * to list all spells.
Aiming: Shock (safe; 3% risk of failure)
Press: ? - help, Shift-Dir - straight line The zap hits Crazy Yiuf!
Crazy Yiuf is moderately wounded.
Crazy Yiuf hits you with a +2 quarterstaff of chaos!
Crazy Yiuf burns you.
Unknown command.
Unknown command.
Casting: Shock (safe; 3% risk of failure)
Confirm with . or Enter, or press ? or * to list all spells.
Crazy Yiuf is struck by an arc of lightning.
Crazy Yiuf is heavily wounded.
The lightning grounds out.
Crazy Yiuf hits you with a +2 quarterstaff of chaos!
You are electrocuted!
You die...

....##........#
#.# #.#
..###....).####
### #.#
....'......#
#.#
..###......#
##### ####.#
#.# ##.....#
#)..# #....#
#.# ##....#
#...# ######
#.######...#
...
...##......#
#g#
#.###.###.##
#@## ###
#.###.# ##.# .#
#.##..## #.##
.# #.##...#
##.# .#
#......# ##.##
.######....#
##.P.#
...........#
#...P#
.######...##
#....# .#
###.#####....#


You could see Crazy Yiuf.

Vanquished Creatures
  Sigmund (D:3)
  A hound (D:3)
  Ijyb (D:3)
  4 adders
  7 orcs (D:3)
  6 endoplasms
  2 giant cockroaches
  8 goblins
  6 hobgoblins
  4 jackals (D:1)
  4 quokkas
  9 ball pythons
  3 bats
  2 frilled lizards
  5 kobolds
  5 rats
68 creatures vanquished.

Vanquished Creatures (others)
  3 fungi (D:3)
3 creatures vanquished.

Grand Total: 71 creatures vanquished

Notes
Turn   | Place    | Note
-------+----------+-------------------------------------------
     0 | D:1      | iamoutofideas the Deep Elf Air Elementalist began the quest
                  | for the Orb.
     0 | D:1      | Reached XP level 1. HP: 10/10 MP: 6/6
   207 | D:1      | Reached XP level 2. HP: 15/15 MP: 1/8
   405 | D:1      | Learned a level 2 spell: Static Discharge
  1246 | D:1      | You fall into a shaft and drop 1 floor!
  1255 | D:2      | Reached XP level 3. HP: 19/19 MP: 7/10
  1402 | D:2      | Found Tioshruxo's Distillery.
  1624 | D:2      | Reached skill level 4 in Spellcasting
  1668 | D:2      | Bought a potion of curing for 42 gold pieces
  1866 | D:2      | Found a faded altar of an unknown god.
  1928 | D:2      | Found Bafu Ity's Magic Scroll Boutique.
  1939 | D:2      | Learned a level 3 spell: Swiftness
  2019 | D:2      | Found Jidekhy's Antique Weapon Emporium.
  2358 | D:3      | Reached XP level 4. HP: 24/24 MP: 5/12
  2583 | D:3      | Found a runed translucent door.
  2584 | D:3      | Noticed Crazy Yiuf
  2989 | D:3      | Noticed Sigmund
  2998 | D:3      | Learned a level 4 spell: Airstrike
  3015 | D:3      | Killed Sigmund
  3016 | D:3      | Reached skill level 5 in Spellcasting
  3016 | D:3      | Reached XP level 5. HP: 27/28 MP: 5/15
  3016 | D:3      | Reached XP level 6. HP: 31/32 MP: 5/16
  3348 | D:3      | Noticed Ijyb
  3369 | D:3      | Killed Ijyb
  3370 | D:3      | Reached skill level 6 in Spellcasting
  3654 | D:3      | Slain by Crazy Yiuf

Illustrated notes

Levels and vault maps discovered:
D:1:      ncdulo_smallfort, layout_loops_corners, kennysheep_pointless_box,
          minivault_23
D:2:      layout_rooms, serial_shops, shop, shop, shop,
          hellmonk_ecumenical_altar_prayer_group, minmay_misc_feat_rows,
          minmay_nonomino_d4
D:3:      layout_loops_corners, grunt_ministairs_8, uniq_sigmund, uniq_ijyb,
          uniq_crazy_yiuf_cottage

Skill      XL: |  1  2  3  4  5  6 |
---------------+-------------------+-----
Spellcasting   | 4 5 6 |  6.0
Stealth        | 3 |  3.2
Conjurations   | 3 |  3.2
Air Magic      | 4 |  4.5
Fighting       | |  0.1
Dodging        | |  2.8

Action                   |  1- 3 |  4- 6 || total
-------------------------+-------+-------++-------
Melee: Unarmed           |     3 |       ||     3
 Cast: Shock             |    90 |    56 ||   146
       Static Discharge  |     4 |     1 ||     5
  Use: Potion            |       |     3 ||     3
Armor: Robe              |    11 |     1 ||    12
Dodge: Dodged            |    14 |    12 ||    26
